AoeStats
← Peaceful Dota Player

Scandinavia

510606332Analyzed
1v1 RM · 19h ago on Oct 1, 2026· 47m 30s· 2 players
Game mode
Random Map
Map size
Tiny (2 player)
Population
200
Speed
Normal
Resources
Standard
Victory
Conquest
Starting age
Dark Age
Ending age
Imperial Age
RankedLock teamsTeams togetherTeam positionsShared explorationLock speedFull tech treeHidden civsTurbo modeCheats
Victory
Defeat
🇮🇳 Slavs · India
895
+15
🇪🇸 Byzantines · Spain
878
-15
Th3_B0rg
8:17 Loom
10:41 Feudal Age
20:26 Fletching
20:33 Double-Bit Axe
24:26 Castle Age
23:19 Stone Mining
33:05 Wheelbarrow
34:29 Fortified Wall
36:19 Bodkin Arrow
41:47 Imperial Age
42:38 Imperial Age
40:28 Hand Cart
39:54 Pikeman
43:47 Bracer
45:00 Chemistry
Peaceful Dota Player
6:44 Loom
6:51 Loom
9:48 Feudal Age
10:30 Double-Bit Axe
11:09 Man-at-Arms
12:14 Horse Collar
22:44 Castle Age
21:17 Stone Mining
22:13 Fletching
22:54 Bloodlines
23:32 Forging
24:55 Bow Saw
28:26 Gold Mining
29:13 Ballistics
28:49 Murder Holes
30:40 Gold Shaft Mining
31:30 Wheelbarrow
30:42 Town Watch
30:36 Long Swordsman
34:08 Imperial Age
31:22 Long Swordsman
32:04 Squires
32:32 Heavy Plow
33:57 Iron Casting
35:19 Hand Cart
35:53 Conscription
36:29 Town Patrol
38:10 Detinets
37:56 Pikeman
38:51 Halberdier
39:13 Heavy Cavalry Archer
40:19 Capped Ram
41:18 Druzhina
41:51 Onager
42:42 Bodkin Arrow
43:47 Blast Furnace
44:03 Chemistry
44:53 Light Cavalry
45:36 Husbandry
45:00 Cavalier
Connection lost

Rejoining the realm…

Still unreachable

The connection could not be restored.

Session expired

The server has moved on; the page needs a fresh start.